 Dungeon Crawl Stone Soup version 0.13.0-19-g8e0b589 (webtiles) character file.

6726 M4edhros the Covert (level 10, -3/60 (64) HPs)
             Began as an Octopode Artificer on Oct 25, 2013.
             Was the Champion of Zin.
             Slain by a troll (12 damage)
             ... on Level 10 of the Dungeon.
             The game lasted 00:33:22 (11437 turns).

M4edhros the Covert (Octopode Artificer)           Turns: 11437, Time: 00:33:23

HP  -3/60 (64)   AC  3     Str 15      XL: 10   Next: 78%
MP  21/21        EV 12     Int 21      God: Zin [******]
Gold 949         SH  0     Dex 12      Spells:  1 memorised,  7 levels left

Res.Fire  : x . .   See Invis. : .   w - +7,+10 sling of Yrezoege {flame, rElec rF- Int+3}
Res.Cold  : . . .   Warding    : .   (no shield)
Life Prot.: . . .   Conserve   : .   E - +2 orc wizard hat
Res.Poison: .       Res.Corr.  : .   (no amulet)
Res.Elec. : +       Clarity    : .   v - +3,+6 ring of slaying
Sust.Abil.: . .     Spirit.Shd : .   H - ring of flight
Res.Mut.  : .       Stasis     : .   M - +4 ring of strength
Res.Rott. : .       Flight     : .   (no ring)
Saprovore : . . .                    (no ring)
                                     (no ring)
                                     (no ring)
                                     (no ring)

@: somewhat resistant to hostile enchantments, extraordinarily stealthy
A: almost no armour, amphibious, 8 rings, constrict 8, camouflage 1, AC +1
a: Recite, Vitalisation, Imprison, Sanctuary, Cure All Mutations, Renounce
Religion, Evoke Flight


You were on level 10 of the Dungeon.
You worshipped Zin.
Zin was exalted by your worship.
You were not hungry.

You visited 1 branch of the dungeon, and saw 10 of its levels.
You also visited: Sewer, Ossuary and Bailey.

You collected 1096 gold pieces.
You donated 167 gold pieces.

Inventory:

Hand weapons
 b - a +2,+5 orcish great sword
 w - the +7,+10 sling of Yrezoege (weapon) {flame, rElec rF- Int+3}
   (You found it on level 8 of the Dungeon)

   It turns projectiles fired from it into bolts of flame.
   It affects your intelligence (+3).
   It makes you vulnerable to fire.
   It insulates you from electricity.
 y - a +2,+2 hammer of protection
 G - a +2,+5 elven short sword
 J - a +3,+1 falchion of holy wrath
Missiles
 o - 5 javelins
 u - 25 sling bullets (quivered)
 x - 3 stones
 A - 10 exploding sling bullets
 B - 15 sling bullets of flame
Armour
 E - a +2 orcish wizard hat (worn)
Magical devices
 e - a wand of frost (2)
 q - a wand of enslavement (11)
 F - a wand of fire (4)
 L - a wand of enslavement (9)
 P - a wand of fire (12)
Comestibles
 a - a meat ration
 f - 8 bread rations
 l - an apple
 n - a choko
 s - a snozzcumber
 t - 11 strawberries
 z - 2 pears
 C - 2 royal jellies
 Q - 18 cheeses
Scrolls
 g - 3 scrolls of remove curse
 h - 4 scrolls of teleportation
 i - 2 scrolls of amnesia
 k - 2 scrolls of blinking
 m - a scroll of recharging
 D - 2 scrolls of fear
 I - 2 scrolls of enchant weapon I {unknown}
 K - a scroll of fog
 O - 3 scrolls of enchant weapon II
Jewellery
 v - a +3,+6 ring of slaying (left tentacle)
 H - a ring of flight (right tentacle)
 M - a +4 ring of strength (on tentacle)
 N - an uncursed amulet of resist corrosion {unknown}
Potions
 p - 5 potions of curing
 r - 5 potions of flight
Books
 j - An Early Guide to Magic
   (You found it on level 7 of the Dungeon)

   Spells                             Type                      Level
   Slow                               Hexes                        2
   Ensorcelled Hibernation            Hexes/Ice                    2
   Sublimation of Blood               Necromancy                   2
   *Blink                             Translocation                2
   Sticks to Snakes                   Transmutation                2
Miscellaneous
 c - a fan of gales


   Skills:
 - Level 5.2 Fighting
 - Level 1.0 Short Blades
 * Level 4.0 Long Blades
 - Level 5.5 Maces & Flails
 * Level 3.5 Slings
 - Level 2.0 Dodging
 + Level 14.0 Stealth
 * Level 8.0 Invocations
 - Level 3.2 Evocations


You had 7 spell levels left.
You knew the following spells:

 Your Spells              Type           Power        Failure   Level  Hunger
a - Blink                 Tloc           N/A          28%         2    ###....


Dungeon Overview and Level Annotations

Branches:
Dungeon (10/27)            Temple (0/1) D:6             Orc (0/4) D:8
   Lair: D:8-13

Altars:
Cheibriados
Elyvilon
Kikubaaqudgha
Makhleb
Nemelex Xobeh
Yredelemnul
Zin

Shops:
D:8 (

Annotations:
D:4 Prince Ribbit
D:9 ark's ghost, experienced TrEE


Innate Abilities, Weirdness & Mutations

You cannot wear most types of armour.
You are amphibious.
You can wear up to eight rings at the same time.
You can use your tentacles to constrict many enemies at once.
Your skin changes colour to match your surroundings (Stlth).
Your rubbery body absorbs attacks (AC +1).


Message History

The hobgoblin barely misses you. The troll bites you.
The troll completely misses you. The troll closely misses you.
Firing (i - inventory. (,) - cycle):
u - 27 sling bullets (quivered)
Press: ? - help, Shift-Dir - straight line, f/p - troll
Aim: a troll (severely wounded)
You shoot a sling bullet.
The sling bullet of flame misses the troll.
The hobgoblin hits you but does no damage.
The troll barely misses you. The troll claws you!
Firing (i - inventory. (,) - cycle):
u - 26 sling bullets (quivered)
Press: ? - help, Shift-Dir - straight line, f/p - troll
Aim: a troll (severely wounded)
You shoot a sling bullet.
The sling bullet of flame hits the troll.
The troll is almost dead.
The troll bites you! The troll claws you!
* * * LOW HITPOINT WARNING * * *
The troll claws you!
You die...

%.........#
#................
#.##<.....#
#.######.###.....
.###.....k#
#.....##.# #.....
#.###.....#
#.....##.# #.....
##%# .....#
##.....##.#
##.###
...##..k.k#
#......##.# #.#
....#...k.#
#......##.# #.#
....#.k###
#......##.# #.#
....#..#
#@.....##.# #.#
...##.
#gT....##.# #.#
#### #......##
#.# #......# #.#
#......# #.#
#..>.?.(( #.#
#......##. #.#
#......########.#
#......##.......#


You could see a troll and a hobgoblin.

Vanquished Creatures
  The ghost of CowboyDan the Archer, an experienced CeHu of Okawaru (D:8)
  A hill giant (D:10)
  A two-headed ogre (D:9)
  2 hippogriffs (D:10)
  Menkaure (D:7)
  A black bear (D:4)
  6 orc warriors
  4 sky beasts
  An ice beast (D:9)
  2 phantoms
  6 ogres
  Duvessa (D:4)
  A big kobold (Sewer)
  2 centaurs
  4 giant frogs
  3 orc priests
  A gnoll sergeant (D:7)
  An eye of draining (D:7)
  Dowan (D:4)
  A giant frog zombie (D:8)
  A gnoll shaman (D:8)
  A centaur skeleton (D:6)
  4 crimson imps
  A jelly (D:5)
  Crazy Yiuf (D:4)
  A big fish (Sewer)
  A giant frog skeleton (D:8)
  6 hounds
  5 iguanas
  9 orc wizards
  A scorpion (D:6)
  An orange rat (D:10)
  5 worker ants
  A killer bee zombie (D:6)
  A big kobold zombie (Ossuary)
  A sky beast zombie (D:7)
  Ijyb (D:3)
  11 mummies
  9 adders
  A worker ant zombie (D:5)
  12 gnolls
  A giant mite (D:8)
  3 green rats (D:10)
  An inept feature mimic (D:5)
  An inept item mimic (D:9)
  3 worms
  3 giant eyeballs
  8 grey rats
  An ooze (D:1)
  17 orcs
  16 bats
  A bat skeleton (D:4)
  9 giant cockroaches
  21 hobgoblins
  5 jackals
  4 quokkas
  2 ball pythons
  3 giant geckos
  6 giant newts
  14 goblins
  A goblin skeleton (D:4)
  2 hobgoblin zombies
  27 kobolds
  4 kobold zombies (Ossuary)
  2 orc zombies (Ossuary)
  A quokka zombie (D:8)
  16 rats
287 creatures vanquished.

Vanquished Creatures (collateral kills)
  A giant frog (D:4)
  A quasit (D:7)
  An orc wizard (D:6)
  A gnoll (D:6)
  A giant gecko (D:4)
  3 orcs (D:4)
  A quokka (D:7)
9 creatures vanquished.

Grand Total: 296 creatures vanquished

Notes
Turn   | Place    | Note
--------------------------------------------------------------
     0 | D:1      | M4edhros, the Octopode Artificer, began the quest for the Orb.
     0 | D:1      | Reached XP level 1. HP: 14/14 MP: 1/1
   273 | D:1      | Reached XP level 2. HP: 19/19 MP: 3/3
   991 | D:3      | Noticed Ijyb
   999 | D:3      | Killed Ijyb
   999 | D:3      | Reached skill level 4 in Stealth
   999 | D:3      | Reached XP level 3. HP: 24/24 MP: 4/4
  1002 | D:4      | Noticed a phantom
  1158 | D:4      | Noticed a giant frog
  1288 | D:4      | Killed a giant frog
  1288 | D:4      | Reached skill level 5 in Stealth
  1288 | D:4      | Reached XP level 4. HP: 16/29 MP: 6/6
  1293 | D:4      | Reached skill level 6 in Stealth
  1398 | D:4      | Found a burning altar of Makhleb.
  1460 | D:4      | Noticed Prince Ribbit
  1642 | D:4      | Found a glowing drain.
  1646 | Sewer    | Entered a sewer
  1651 | Sewer    | Reached XP level 5. HP: 26/34 MP: 7/7
  1838 | Sewer    | Noticed a big kobold
  1841 | Sewer    | Reached skill level 7 in Stealth
  1866 | Sewer    | Killed a big kobold
  1866 | Sewer    | Reached skill level 8 in Stealth
  1866 | Sewer    | Reached XP level 6. HP: 22/39 MP: 9/9
  1910 | Sewer    | Found a glowing silver altar of Zin.
  1918 | Sewer    | Gained mutation: You possess an exceptional clarity of mind. [potion of beneficial mutation]
  1922 | Sewer    | Became a worshipper of Zin the Law-Giver
  1941 | Sewer    | Donated 32 gold pieces to Zin
  1941 | Sewer    | Donated 16 gold pieces to Zin
  1941 | Sewer    | Donated 8 gold pieces to Zin
  2259 | D:4      | Was placed under penance by Zin
  2630 | D:3      | Reached skill level 9 in Stealth
  3109 | D:2      | Was forgiven by Zin
  3904 | D:4      | Killed a phantom
  3904 | D:4      | Reached skill level 10 in Stealth
  3904 | D:4      | Reached XP level 7. HP: 25/44 MP: 10/10
  3986 | D:4      | Noticed a black bear
  3995 | D:4      | Killed a black bear
  4150 | D:4      | Noticed Crazy Yiuf
  4158 | D:4      | Killed Crazy Yiuf
  4264 | D:4      | Reached skill level 11 in Stealth
  4268 | D:4      | Noticed an ogre
  4286 | D:4      | HP: 1/44 [ogre/giant spiked club (21)]
  4288 | D:4      | Killed an ogre
  4388 | D:4      | Noticed Duvessa
  4389 | D:4      | Noticed Dowan
  4392 | D:4      | Found a sparkling altar of Nemelex Xobeh.
  4407 | D:4      | Killed Duvessa
  4822 | D:4      | Killed Dowan
  5178 | D:4      | Reached skill level 12 in Stealth
  5188 | D:4      | Reached XP level 8. HP: 42/50 MP: 12/12
  5298 | D:5      | Entered Level 5 of the Dungeon
  5303 | D:5      | Acquired Zin's first power
  5666 | D:5      | Reached skill level 1 in Invocations
  5780 | D:5      | Reached skill level 1 in Maces & Flails
  6029 | D:6      | Found a snail-covered altar of Cheibriados.
  6048 | D:6      | Acquired Zin's second power
  6137 | D:6      | Found a sand-covered staircase.
  6155 | Ossuary  | Entered an ossuary
  6532 | Ossuary  | Acquired Zin's third power
  6592 | D:6      | Paralysed by a potion of paralysis for 2 turns
  6602 | D:6      | Gained mutation: You are resistant to hostile enchantments. [potion of mutation]
  6603 | D:6      | Lost mutation: You are resistant to hostile enchantments. [potion of cure mutation]
  6603 | D:6      | Lost mutation: You possess an exceptional clarity of mind. [potion of cure mutation]
  6839 | D:6      | Found a white marble altar of Elyvilon.
  6840 | D:6      | Found an ancient bone altar of Kikubaaqudgha.
  7003 | D:6      | Found a staircase to the Ecumenical Temple.
  7039 | D:7      | Identified An Early Guide to Magic
  7043 | D:7      | Learned a level 2 spell: Blink
  7065 | D:7      | Reached XP level 9. HP: 36/52 MP: 14/14
  7626 | D:7      | Found an ancient bone altar of Kikubaaqudgha.
  7639 | D:7      | Noticed Menkaure
  7644 | D:7      | Killed Menkaure
  7722 | D:7      | Reached skill level 5 in Maces & Flails
  7725 | D:7      | Paralysed by a giant eyeball for 2 turns
  7782 | D:7      | Reached skill level 5 in Invocations
  7791 | D:7      | Reached skill level 13 in Stealth
  7979 | D:8      | Found a staircase to the Orcish Mines.
  7980 | D:8      | Found Uffaf's Weapon Emporium.
  8055 | D:8      | Acquired Zin's fourth power
  8141 | D:8      | Reached skill level 1 in Long Blades
  8642 | D:8      | Noticed CowboyDan's ghost (experienced CeHu)
  8895 | D:8      | Killed CowboyDan's ghost
  8895 | D:8      | Reached XP level 10. HP: 27/59 MP: 17/19
  9097 | D:8      | Found a glowing silver altar of Zin.
  9194 | D:8      | Got a slimy sling
  9195 | D:8      | Identified the sling of Yrezoege {flame, rElec rF- Int+3} (You found it on level 8 of the Dungeon)
  9870 | D:9      | Reached skill level 1 in Slings
  9886 | D:9      | Found a basalt altar of Yredelemnul.
  9982 | D:9      | Noticed ark's ghost (experienced TrEE)
 10050 | D:9      | Found a flagged portal.
 10155 | Bailey   | Entered a bailey
 10507 | Bailey   | Reached skill level 5 in Fighting
 11012 | D:10     | Entered Level 10 of the Dungeon
 11114 | D:10     | Noticed a hill giant
 11125 | D:10     | Killed a hill giant
 11427 | D:10     | Reached skill level 14 in Stealth
 11437 | D:10     | Slain by a troll

Action                   |  1- 3 |  4- 6 |  7- 9 | 10-12 || total
-------------------------+-------+-------+-------+-------++-------
Melee: Short sword       |    37 |   119 |    25 |     6 ||   187
       Whip              |       |     5 |       |       ||     5
       Hammer            |       |       |   308 |    24 ||   332
       Great sword       |       |       |    38 |    19 ||    57
 Fire: Sling             |       |       |       |   124 ||   124
Evoke: Wand              |     3 |    17 |    28 |       ||    48
  Use: Potion            |     4 |     1 |    19 |     5 ||    29
       Scroll            |     2 |       |    19 |     1 ||    22
 Stab: Sleeping          |     5 |    17 |    27 |     4 ||    53
       Confused          |     1 |       |       |       ||     1
       Distracted        |       |     3 |     2 |       ||     5
